 Dungeon Crawl Stone Soup version 0.30-a0-393-g54b8e3be05 (webtiles) character file.

Game seed: 8947019946388982200

470 funkygono the Firebug (level 6, -4/41 HPs)
             Began as a Demonspawn Fire Elementalist on Dec 5, 2022.
             Killed from afar by Dowan (8 damage)
             ... with a puff of frost
             ... on level 4 of the Dungeon.
             The game lasted 00:04:19 (3438 turns).

funkygono the Firebug (DsFE)                        Turns: 3438, Time: 00:04:20

Health: -4/41      AC:  2    Str:  8    XL:     6   Next: 82%
Magic:  6/21       EV: 16    Int: 19    God:
Gold:   252        SH:  0    Dex: 13    Spells: 7/13 levels left

rFire   . . .      SeeInvis .    l - +2 mace
rCold   . . .      Faith    .    (no shield)
rNeg    . . .      Spirit   .    a - +0 robe
rPois   .          Reflect  .    (helmet restricted)
rElec   .          Harm     .    (no cloak)
rCorr   .          Rampage  .    (no gloves)
Will    .....                    (no boots)
Stlth   ++........               (no amulet)
HPRegen 0.26/turn                j - ring of magical power
MPRegen 0.17/turn                n - +4 ring of evasion

@: no status effects
A: horns 1, ignite blood 1
a: no special abilities


You were on level 4 of the Dungeon.
You visited 1 branch of the dungeon, and saw 4 of its levels.

You collected 252 gold pieces.

Inventory:

Hand Weapons
 d - a +0 short sword
 h - a +2 vampiric dagger
 l - a +2 mace (weapon)
Armour
 a - a +0 robe (worn)
 m - a +0 pair of gloves
Jewellery
 j - a ring of magical power (left hand)
 k - a ring of ice
 n - a +4 ring of evasion (right hand)
Scrolls
 c - a scroll of blinking
 i - 2 scrolls of fear
 o - a scroll of enchant weapon
 p - a scroll of summoning
 q - 3 scrolls of teleportation
Potions
 b - a potion of magic
 e - a potion of lignification {unknown}
 f - 5 potions of curing
 g - a potion of haste {unknown}
 r - a potion of berserk rage {unknown}
 s - 2 potions of heal wounds {unknown}


   Skills:
 + Level 0.2 Fighting
 + Level 2.0 Dodging
 - Level 1.7 Stealth
 + Level 4.1 Spellcasting
 + Level 2.8 Conjurations
 + Level 5.3 Fire Magic


You had 7 spell levels left.
You knew the following spells:

 Your Spells              Type           Power      Damage    Failure   Level
a - Foxfire               Conj/Fire      76%        2x1d7     2%          1
b - Scorch                Fire           48%        2d7       2%          2
c - Kindle Blastsparks    Fire/Tloc/Air  20%        2d11      21%         3

Your spell library contained the following spells:

 Spells                   Type           Power      Damage    Failure   Level
 Inner Flame              Hex/Fire       14%        N/A       14%         3
 Ensorcelled Hibernation  Hex/Ice        6%         N/A       21%         2
 Passwall                 Tmut/Erth      2%         N/A       21%         2
 Flame Wave               Conj/Fire      19%        2d7       26%         4
 Swiftness                Air            3%         N/A       38%         3


Dungeon Overview and Level Annotations

Branches:
Dungeon (4/15)
 Temple: D:4-7

Altars:
Uskayaw

Annotations:
D:4 Dowan, Duvessa


Innate Abilities, Weirdness & Mutations

You have a pair of small horns on your head.
Your demonic aura sometimes causes spilled blood to erupt in flames.


Message History

The foxfire hits Duvessa but does no damage.
Duvessa is severely wounded.
The foxfire hits Duvessa but does no damage.
Duvessa is severely wounded.
Dowan points at Duvessa and mumbles some strange words.
Duvessa seems to speed up.
Duvessa hits you with a +0 short sword!
Casting: Scorch (safe; 2% risk of failure)
Confirm with . or Enter, or press ? or * to list all spells.
You conjure some foxfire!
Duvessa hits you with a +0 short sword.
Casting: Foxfire (safe; 2% risk of failure)
Confirm with . or Enter, or press ? or * to list all spells.
Flames lash Dowan.
Dowan is burned terribly!
Dowan is almost dead.
The foxfire hits Duvessa.
Duvessa is severely wounded.
The foxfire hits Duvessa but does no damage.
Duvessa is severely wounded.
Duvessa hits you but does no damage. Dowan hits you with a +0 dagger.
Duvessa hits you with a +0 short sword.
Casting: Scorch (safe; 2% risk of failure)
Confirm with . or Enter, or press ? or * to list all spells.
You conjure some foxfire!
Duvessa hits you with a +0 short sword. Dowan hits you with a +0 dagger.
* * * LOW HITPOINT WARNING * * *
Casting: Foxfire (safe; 2% risk of failure)
Confirm with . or Enter, or press ? or * to list all spells.
Flames lash Duvessa but do no damage.
The foxfire hits Duvessa but does no damage.
Duvessa is severely wounded.
The foxfire hits Duvessa but does no damage.
Duvessa is severely wounded.
Duvessa hits you with a +0 short sword.
* * * LOW HITPOINT WARNING * * *
Dowan completely misses you. Duvessa hits you with a +0 short sword.
* * * LOW HITPOINT WARNING * * *
You feel better. Duvessa hits you with a +0 short sword.
* * * LOW HITPOINT WARNING * * *
Dowan gestures at you while chanting. The puff of frost hits you!
You die...

..#.#####.# #.#..........
..#.....#.# #.#.#.#######
..#####...# #.#.#.# ### ##..###
#.#.#.############ #....##
#.#...............
########.#..###.##...##########.
#............##.##...# #.
#.............e.##...# #.
#...........##e@ยง....#### #.
#...........###.#.......# #.
#...........# #.#.......# #.
#...............#..>....# #.
#...........#####.......#######.
#...........# #.#.....(.......
############# #.#.#...#######.
#.#.#...# #. #.#.##### #.


You could see Duvessa (fast, combustible) and Dowan (combustible).

Vanquished Creatures
  Sigmund (D:3)
  An ogre (D:4)
  A necrophage (D:4)
  3 hounds (D:4)
  An adder (D:3)
  An ufetubus (D:4)
  3 dart slugs
  4 orcs (D:3)
  6 endoplasms
  A giant cockroach (D:3)
  4 goblins
  2 hobgoblins (D:1)
  5 kobolds
  2 quokkas
  5 ball pythons
  5 bats
  3 frilled lizards
  6 rats
54 creatures vanquished.

Vanquished Creatures (others)
  189 foxfires
189 creatures vanquished.

Grand Total: 243 creatures vanquished

Notes
Turn   | Place    | Note
-------+----------+-------------------------------------------
     0 | D:1      | funkygono the Demonspawn Fire Elementalist began the quest
                  | for the Orb.
     0 | D:1      | Reached XP level 1. HP: 13/13 MP: 3/3
   386 | D:1      | Reached skill level 3 in Fire Magic
   530 | D:1      | Gained mutation: You have a pair of small horns on your
                  | head. [demonic ancestry]
   530 | D:1      | Reached XP level 2. HP: 16/19 MP: 1/5
   533 | D:1      | Learned a level 2 spell: Scorch
   672 | D:1      | Found a faded altar of an unknown god.
  1349 | D:2      | Reached XP level 3. HP: 24/24 MP: 1/6
  1353 | D:2      | Learned a level 3 spell: Kindle Blastsparks
  2582 | D:3      | Noticed Sigmund
  2596 | D:3      | Killed Sigmund
  2597 | D:3      | Reached skill level 4 in Fire Magic
  2597 | D:3      | Reached XP level 4. HP: 30/30 MP: 4/9
  2597 | D:3      | Reached XP level 5. HP: 35/35 MP: 4/10
  2897 | D:4      | Gained mutation: Your demonic aura sometimes causes spilled
                  | blood to erupt in flames. [demonic ancestry]
  2897 | D:4      | Reached XP level 6. HP: 41/41 MP: 11/11
  3040 | D:4      | Reached skill level 5 in Fire Magic
  3186 | D:4      | Found a hide-covered altar of Uskayaw.
  3424 | D:4      | Noticed Dowan
  3425 | D:4      | Noticed Duvessa
  3437 | D:4      | HP: 2/41 [Duvessa/+0 short sword (2)]
  3438 | D:4      | Killed from afar by Dowan

Illustrated notes

Levels and vault maps discovered:
D:1:      minmay_arrival_five_plusses, layout_basic,
          dreamdust_ecumenical_altar_sealed_demon
D:2:      layout_loops_corners, serial_rivers, chequers_serial_rivers_small_3,
          chequers_serial_rivers_small_a, chequers_serial_rivers_small_a,
          chequers_serial_rivers_small_b, chequers_serial_rivers_micro_a,
          chequers_serial_rivers_marsh, basic_altar, moated_statue,
          minmay_pentomino_q2
D:3:      layout_rooms, uniq_sigmund
D:4:      layout_basic, mainiacjoe_overflow_paths, uniq_duvessa

Skill      XL: |  1  2  3  4  5  6 |
---------------+-------------------+-----
Fire Magic     | 3 4 5 |  5.3
Dodging        | 2 |  2.0
Spellcasting   | 3 4 |  4.1
Conjurations   | 2 |  2.8
Fighting       | |  0.2
Stealth        | |  1.7

Action                   |  1- 3 |  4- 6 || total
-------------------------+-------+-------++-------
Melee: Short sword       |     9 |       ||     9
 Cast: Foxfire           |    70 |    41 ||   111
       Scorch            |     9 |    12 ||    21
  Use: Scroll            |     7 |     2 ||     9
       Potion            |       |     1 ||     1
Armor: Robe              |     5 |     1 ||     6
Dodge: Dodged            |    19 |     4 ||    23

Table legend: (Time is in decaauts)
 A = Elapsed time spent in this place.
 B = Non-inter-level travel time spent in this place.
 C = Inter-level travel time spent in this place.
 D = Time resting spent in this place.
 E = Time spent auto-exploring this place.
 F = Levels seen in this place.
 G = Mean time per level.
                   A        B        C        D        E       F      G
               +--------+--------+--------+--------+--------+-----+--------+
         Total |   3444 |   3393 |     51 |     22 |   2948 |   4 |  861.0 |
       Dungeon |   3444 |   3393 |     51 |     22 |   2948 |   4 |  861.0 |
               +--------+--------+--------+--------+--------+-----+--------+

Top non-repeatable levels by time:
     D:2: 1227 daAuts
     D:1: 918 daAuts
     D:3: 733 daAuts
     D:4: 564 daAuts
